Construct Section Command Post
Selects Indian Artillery Battlegroup
Selects Towed ML 4.2-inch Heavy Mortar
Construct Platoon Command Post
Construct Field Infirmary
Towed ML 4.2-inch Heavy Mortar
6-pounder Anti-tank Gun Team
Selects Gurkha Rifles Section
Construct Company Command Post
Selects Volunteer Infantry
Selects Off-map Airburst Barrage
Selects Off-map Airburst Barrage
Selects Perimeter Monitor
Unlock M3 Grant Medium Tanks